 Dungeon Sprint DCSS version 0.21-a0-110-g8e1637b (webtiles) character file.

984 Kidiri the Covert (level 7, -2/37 HPs)
             Began as a Spriggan Enchanter on July 8, 2017.
             Slain by a vampire mosquito (11 damage)
             ... in the Dungeon (Sprint II: "The Violet Keep of Menkaure").
             The game lasted 00:02:31 (610 turns).

Kidiri the Covert (Spriggan Enchanter)               Turns: 610, Time: 00:02:31

Health: -2/37      AC:  2    Str:  4    XL:     7   Next: 97%
Magic:  3/20       EV: 26    Int: 17    God:
Gold:   972        SH:  0    Dex: 18    Spells: 11/23 levels left

rFire    . . .     SeeInvis +   a - +1 dagger
rCold    . . .     Gourm    .   (shield restricted)
rNeg     . . .     Faith    .   b - +0 robe
rPois    .         Spirit   .   (helmet restricted)
rElec    .         Reflect  .   (no cloak)
rCorr    .         Harm     .   (gloves unavailable)
MR       +....     NoTele   +   (boots unavailable)
Stlth    +++++.....             (no amulet)
HPRegen  0.12/turn              (no ring)
MPRegen  0.17/turn              (no ring)

@: very slightly contaminated, very quick
A: unfitting armour, see invisible, herbivore 3, speed 3, slow metabolism 2
a: no special abilities


You were in the Dungeon.
You were not hungry.

You visited 1 branch You collected 972 gold pieces.

Inventory:

Hand Weapons
 a - a +1 dagger (weapon)
Armour
 b - a +0 robe (worn)
Scrolls
 j - a scroll of blinking
Potions
 e - a potion of curing
 g - a potion of haste
 h - 2 potions of magic
Books
 c - a book of Maledictions

   Spells                             Type                      Level
   a - Corona                         Hexes                        1
   b - Ensorcelled Hibernation        Hexes/Ice                    2
   c - Confuse                        Hexes                        3
   d - Tukima's Dance                 Hexes                        3
   e - Dazzling Spray                 Conjuration/Hexes            3
Comestibles
 d - a bread ration


   Skills:
 + Level 3.9 Fighting
 * Level 7.7 Short Blades
 + Level 3.7 Armour
 * Level 10.2 Dodging
 * Level 11.7 Stealth
 * Level 8.8 Spellcasting
 + Level 2.9 Conjurations
 + Level 6.8 Hexes
 + Level 3.1 Ice Magic


You had 11 spell levels left.
You knew the following spells:

 Your Spells              Type           Power        Failure   Level  Hunger
a - Corona                Hex            ####...      1%          1    None
b - Ensorcelled Hibernat  Hex/Ice        ###...       1%          2    None
c - Confuse               Hex            ####....     1%          3    None
d - Tukima's Dance        Hex            ####....     1%          3    None
e - Dazzling Spray        Conj/Hex       ###...       3%          3    None


Dungeon Overview and Level Annotations

Branches:
Dungeon (1/1)

Altars:

Shops:
D [[=*=!(}[%=[!

Annotations:
D Kirke, Roxanne


Innate Abilities, Weirdness & Mutations

You are very small and have problems with some larger weapons.
You are too small for most types of armour.
You have supernaturally acute eyesight. (SInv)
You are a herbivore.
You cover ground extremely quickly.
You need consume almost no food.


Message History

You miss the vampire mosquito.
The vampire mosquito is lightly damaged.
The vampire mosquito barely misses you.
You miss the vampire mosquito.
The vampire mosquito is lightly damaged.
The vampire mosquito completely misses you.
Unknown command.
You closely miss the vampire mosquito.
The vampire mosquito is lightly damaged.
The vampire mosquito misses you.
You hit the vampire mosquito but do no damage.
The vampire mosquito is lightly damaged.
The vampire mosquito misses you.
You hit the vampire mosquito.
The vampire mosquito is moderately damaged.
The vampire mosquito barely misses you. The vampire mosquito misses you.
You hit the vampire mosquito but do no damage.
The vampire mosquito is moderately damaged.
The vampire mosquito bites you!
You die...

.∩...#≈##%###+###.##..#
∩.∩..#≈#.####.###%.#..#
∩.∩.'≈+##.+.<.+.##+..##
..∩.∩#≈#...##.###%.#....
▓▓▓###≈##%###+###%##....
######≈@####...####≈≈...
##c≈≈#.)#..# ≈≈≈≈≈≈
#y#≈##...##≈≈÷≈≈≈≈
#@#≈≈##+##≈≈≈§§§§≈
####≈≈≈≈≈≈≈≈≈§≈≈§§
#+++#+++#≈≈§ ≈ §≈§§
§≈≈≈§§§ §§§8§≈§§
§≈§§≈§§≈≈# ##≈§§§§§≈##
####+####


You could see Kirke, a centaur warrior and a vampire mosquito.

Vanquished Creatures
  A merfolk siren (D)
  2 tyrant leeches (D)
  Menkaure (D)
  4 worker ants (D)
  3 worms (D)
11 creatures vanquished.

Vanquished Creatures (others)
  A crocodile (D)
1 creature vanquished.

Grand Total: 12 creatures vanquished

Notes
Turn   | Place    | Note
-------+----------+-------------------------------------------
     0 | D        | Kidiri the Spriggan Enchanter began the quest for the Orb.
     0 | D        | Reached XP level 1. HP: 9/9 MP: 5/5
     1 | D        | Noticed a merfolk siren
    19 | D        | Reached skill level 5 in Stealth
   130 | D        | Found Lasuurem's Distillery.
   130 | D        | Found Nuopp's Jewellery Shop.
   130 | D        | Found Ymyd's Gadget Shop.
   130 | D        | Found Pulieqo's Jewellery Shop.
   130 | D        | Found Jogeitia's General Store.
   131 | D        | Found Pinubub's Distillery.
   131 | D        | Found Feimalus's Food Boutique.
   131 | D        | Found Oloarched's Armour Shop.
   131 | D        | Found Dibram's Jewellery Boutique.
   131 | D        | Found Huwazigesa's Antique Armour Shop.
   131 | D        | Found Umuifits's Antique Armour Boutique.
   147 | D        | Reached skill level 1 in Armour
   147 | D        | Reached XP level 2. HP: 5/14 MP: 7/7
   151 | D        | Learned a level 2 spell: Ensorcelled Hibernation
   160 | D        | Killed a crocodile
   371 | D        | Reached skill level 1 in Fighting
   371 | D        | Reached skill level 6 in Stealth
   371 | D        | Reached XP level 3. HP: 18/18 MP: 7/9
   372 | D        | Reached skill level 5 in Dodging
   374 | D        | Reached skill level 7 in Stealth
   374 | D        | Reached XP level 4. HP: 23/23 MP: 7/11
   378 | D        | Reached skill level 5 in Spellcasting
   451 | D        | Learned a level 3 spell: Confuse
   455 | D        | Learned a level 3 spell: Tukima's Dance
   459 | D        | Learned a level 3 spell: Dazzling Spray
   459 | D        | Noticed a tyrant leech
   459 | D        | Noticed a tyrant leech
   469 | D        | Killed a merfolk siren
   469 | D        | Reached skill level 10 in Stealth
   469 | D        | Reached XP level 5. HP: 28/28 MP: 7/15
   469 | D        | Reached XP level 6. HP: 32/32 MP: 7/17
   551 | D        | Killed a tyrant leech
   551 | D        | Reached XP level 7. HP: 36/36 MP: 17/19
   556 | D        | Killed a tyrant leech
   556 | D        | Reached skill level 10 in Dodging
   556 | D        | Reached skill level 11 in Stealth
   559 | D        | Noticed Roxanne
   561 | D        | Noticed Menkaure
   568 | D        | Noticed a yaktaur captain
   568 | D        | Noticed Kirke
   569 | D        | Noticed a skeletal warrior
   569 | D        | Killed Menkaure
   570 | D        | Noticed a kobold demonologist
   589 | D        | Noticed an orange crystal statue
   595 | D        | Found Wathrucs's Antique Armour Boutique.
   597 | D        | Found Baefyb Yluurr's Antique Weapon Shop.
   598 | D        | Noticed a centaur warrior
   598 | D        | Noticed a vampire mosquito
   610 | D        | Slain by a vampire mosquito

Vault maps used:
D:        the_violet_keep_of_menkaure

Skill      XL: |  1  2  3  4  5  6  7 |
---------------+----------------------+-----
Stealth        | 5 6 7 10 11 | 11.7
Spellcasting   | 3 4 7 8 |  8.8
Short Blades   | 2 3 6 7 |  7.7
Armour         | 1 3 |  3.7
Fighting       | 1 3 |  3.9
Dodging        | 4 5 8 9 10 | 10.2
Hexes          | 4 6 |  6.8
Conjurations   | 2 |  2.9
Ice Magic      | 2 3 |  3.1

Action                   |  1- 3 |  4- 6 |  7- 9 || total
-------------------------+-------+-------+-------++-------
Melee: Dagger            |    23 |     3 |    11 ||    37
 Cast: Corona            |     1 |       |       ||     1
       Ensorcelled Hiber |       |     3 |     1 ||     4
       Dazzling Spray    |       |     1 |     4 ||     5
       Confuse           |       |       |     1 ||     1
  Use: Potion            |     1 |       |     1 ||     2
 Stab: Sleeping          |     5 |     3 |     1 ||     9
Armor: Robe              |     1 |       |       ||     1
Dodge: Dodged            |    10 |     2 |    12 ||    24
